 Dungeon Crawl Stone Soup version 0.28.0 (webtiles) character file.

Game seed: 13138525540957964012

23734 freelancePsychic the Destroyer (level 13, 0/80 HPs)
             Began as a Tengu Earth Elementalist on Feb 9, 2022.
             Was an Elder of Vehumet.
             Slain by a skeletal warrior (19 damage)
             ... on level 11 of the Dungeon.
             The game lasted 00:42:31 (21823 turns).

freelancePsychic the Destroyer (TeEE)              Turns: 21823, Time: 00:42:31

Health: 0/80       AC:  8    Str: 14    XL:     13   Next: 8%
Magic:  2/26       EV: 24    Int: 19    God:    Vehumet [****..]
Gold:   1156       SH:  0    Dex: 23    Spells: 13/29 levels left

rFire   . . .      SeeInvis .   p - +5 dagger (elec)
rCold   + . .      Faith    +   (no shield)
rNeg    . . .      Spirit   .   m - +1 steam dragon scales
rPois   .          Reflect  .   (helmet restricted)
rElec   .          Harm     .   (no cloak)
rCorr   .          Rampage  .   w - +1 pair of gloves
Will    +....                   (boots unavailable)
Stlth   +++.......              i - amulet "Safful" {Faith rC+ Will+}
HPRegen 0.23/turn               t - +6 ring of dexterity
MPRegen 0.20/turn               o - +6 ring of strength

@: flying quickly and evasively, quick
A: beak, talons 3, nimble flight
a: Renounce Religion


You were on level 11 of the Dungeon.
You worshipped Vehumet.
Vehumet was greatly pleased with you.
You visited 2 branches of the dungeon, and saw 16 of its levels.

You collected 1175 gold pieces.
You spent 19 gold pieces at shops.

Inventory:

Hand Weapons
 d - a +0 dagger
 p - a +5 dagger of electrocution (weapon)
Missiles
 c - 328 stones
Armour
 b - a +0 robe
 k - a +0 leather armour of cold resistance
 m - +1 steam dragon scales (worn)
 w - a +1 pair of gloves (worn)
Jewellery
 i - the amulet "Safful" (around neck) {Faith rC+ Will+}
   (You found it on level 4 of the Dungeon)

   [amulet of faith]

   It allows you to gain divine favour quickly.
   rC:        It protects you from cold.
   Will:      It increases your willpower.
 o - a +6 ring of strength (right hand)
 t - a +6 ring of dexterity (left hand)
 G - a ring of willpower
Wands
 n - a wand of mindburst (9)
 q - a wand of paralysis (6)
 D - a wand of iceblast (4)
 E - a wand of acid (7)
Scrolls
 e - a scroll of enchant weapon
 f - 3 scrolls of immolation
 h - 3 scrolls of noise
 l - 2 scrolls of vulnerability
 s - a scroll of fog
 v - a scroll of blinking
 y - a scroll of fear
 z - 3 scrolls of summoning
 A - 5 scrolls of teleportation {@r4}
 B - a scroll of amnesia
 H - a scroll of holy word {unknown}
 I - a scroll of identify {@r1}
Potions
 a - 2 potions of mutation
 g - 4 potions of attraction
 j - 5 potions of might
 r - 2 potions of curing {@q1}
 u - 10 potions of ambrosia
 x - 2 potions of heal wounds {@q2}
 C - a potion of haste {@q3}
 F - 2 potions of flight {unknown}


   Skills:
 - Level 9.4 Fighting
 - Level 10.1 Dodging
 - Level 4.1 Stealth
 - Level 8.7 Spellcasting
 + Level 12.0 Conjurations
 - Level 0.7 Summonings
 - Level 0.7 Transmutations
 + Level 5.7 Fire Magic
 - Level 11.3 Air Magic
 - Level 2.1 Earth Magic
 - Level 4.0 Poison Magic


You had 13 spell levels left.
You knew the following spells:

 Your Spells              Type           Power      Damage    Failure   Level
a - Starburst             Conj/Fire      21%        6d7       9%          6
b - Poisonous Vapours     Pois/Air       74%        N/A       1%          2
c - Ignite Poison         Fire/Tmut/Pois 21%        N/A       1%          3
d - Airstrike             Air            25%        N/A       1%          4
e - Sandblast             Erth           32%        2d9       1%          1

Your spell library contained the following spells:

 Spells                   Type           Power      Damage    Failure   Level
 Shock                    Conj/Air       100%       1d9       1%          1
 Corpse Rot               Necr/Air       58%        N/A       1%          2
 Stone Arrow              Conj/Erth      70%        3d11      1%          3
 Swiftness                Air            51%        N/A       1%          3
 Hailstorm                Conj/Ice       31%        3d8       1%          4
 Freeze                   Ice            32%        1d5       2%          1
 Summon Small Mammal      Summ           44%        N/A       6%          1
 Passwall                 Tmut/Erth      10%        N/A       7%          2
 Frozen Ramparts          Ice            16%        1d3       7%          3
 Animate Skeleton         Necr           16%        N/A       9%          1
 Apportation              Tloc           16%        N/A       9%          1
 Call Canine Familiar     Summ           11%        N/A       19%         3
 Summon Guardian Golem    Hex/Summ       9%         N/A       22%         3
 Lee's Rapid Deconstruct  Erth           8%         3d8*      24%         5
 Gell's Gravitas          Tloc           8%         N/A       26%         3
 Lesser Beckoning         Tloc           8%         N/A       26%         3
 Portal Projectile        Hex/Tloc       16%        N/A       26%         3
 Teleport Other           Tloc           8%         N/A       26%         3
 Animate Armour           Summ/Erth      26%        N/A       43%         4
 Petrify                  Tmut/Erth      13%        N/A       43%         4
 Leda's Liquefaction      Hex/Erth       6%         N/A       47%         4
 Animate Dead             Necr           4%         N/A       63%         4
 Borgnjor's Vile Clutch   Necr/Erth      6%         N/A       83%         5
 Blade Hands              Tmut           5%         N/A       87%         5
 Excruciating Wounds      Necr           4%         N/A       93%         5
 Lehudib's Crystal Spear  Conj/Erth      17%        10d5      99%         8
 Death Channel            Necr           4%         N/A       100%        6
 Statue Form              Tmut/Erth      8%         N/A       100%        6


Dungeon Overview and Level Annotations

Branches:
Dungeon (11/15)            Temple (0/1) D:6            Lair (5/6) D:9
 Shoals (0/4) Lair:3       Spider (0/4) Lair:3        Slime (0/5) Lair:5
    Orc: D:9-12

Altars:
Sif Muna
Vehumet
Jiyva

Shops:
D:3 (   D:4 *

Portals:
Trove: D:10 (give 6 scrolls of fog)

Annotations:
D:5 Edmund
D:10 2 transporters, freelancePsychic's ghost, journeyman DjCj
Lair:4 exclusion: downstairs
Lair:5 Josephine; Nessos; Rupert


Innate Abilities, Weirdness & Mutations

You have a beak for a mouth.
You have claws for feet.
Your magical nature lets you fly swiftly and evasively.


Message History

The bolt of fire hits the skeletal warrior!!
The skeletal warrior is severely damaged.
The skeletal warrior hits you from afar with a +0 glaive.
Casting: Starburst (dangerous; 9% risk of failure)
Confirm with . or Enter, or press ? or * to list all spells.
Casting: Starburst (dangerous; 9% risk of failure)
Press: ? - help, Dir - look around, f - activate You miscast Starburst.
You are very lightly contaminated with residual magic.
Nothing appears to happen.
Your magical contamination has completely faded away.
Found a stone staircase leading down.
An orc comes into view. It is wielding a +0 club.
An orc priest and an orc come into view.
The orc priest is wielding a +1 hand axe of venom.
The orc priest shouts!
You hear a shout! x3
An orc comes into view. It is wielding a +0 whip.
You hear a shout! x2
An orc warrior comes into view. It is wielding a +0 morningstar.
The orc warrior moves out of view.
Found a book of Power.
Found 21 gold pieces.
The skeletal warrior hits you from afar with a +0 halberd!!
Casting: Starburst (dangerous; 9% risk of failure)
Confirm with . or Enter, or press ? or * to list all spells.
Casting: Starburst (dangerous; 9% risk of failure)
Press: ? - help, Dir - look around, f - activate The bolt of fire hits the skeletal warrior!!
The skeletal warrior is almost destroyed.
The bolt of fire hits the orc warrior!!
The orc warrior is almost dead.
The bolt of fire hits the orc priest!!
You kill the orc priest!
Vehumet accepts your kill.
You feel your power returning.
The orc shouts!
The skeletal warrior hits you from afar with a +0 halberd!!
* * * LOW HITPOINT WARNING * * *
The skeletal warrior hits you from afar with a +0 glaive!!
You die...

....## #...#
##..# ...##
##...## ##...#
..##
#...o.#####...##
...##
#...#...##....##
....##
#..##.)......##
..#..## #..#
##oo....##
..#...###...
#zz...##
...#...#...#
#.....##
..........
#@...).#
..........
#.........#
.........#
#.......^.#
.........#
......#...#
.........#
#:....####.#
.........##
....### ##
..........#
....##
.............$.#
##.....###


You could see 2 skeletal warriors, an orc warrior and 2 orcs.

Vanquished Creatures
  A hydra (Lair:4)
  2 two-headed ogres
  A cyclops (D:8)
  A black mamba (Lair:4)
  A gargoyle (D:11)
  7 cane toads
  4 rime drakes
  5 komodo dragons
  A queen bee (D:9)
  3 polar bears
  A snapping turtle (Lair:3)
  2 jumping spiders (Lair:3)
  A wraith (D:11)
  2 wyverns
  45 yaks
  3 basilisks
  A steam dragon (D:8)
  A vampire (D:10)
  5 vampire mosquitoes
  Menkaure (D:7)
  3 wargs (D:9)
  6 water moccasins
  An ice beast (D:5)
  A sky beast (D:6)
  3 orc warriors
  A necrophage (D:5)
  An ogre (D:6)
  19 wolves
  8 centaurs
  A phantom (D:7)
  2 kobold brigands
  5 bullfrogs
  A water moccasin zombie (D:5)
  A scorpion (D:6)
  A water moccasin skeleton (D:4)
  34 killer bees
  2 jellies
  A centaur zombie (D:8)
  2 hounds
  3 centaur skeletons
  7 orc priests
  A gnoll shaman (D:8)
  An iguana (D:5)
  11 orc wizards
  A killer bee zombie (D:8)
  A hound zombie (D:5)
  A hound skeleton (D:5)
  3 howler monkey zombies (D:10)
  Robin (D:3)
  7 adders
  8 gnolls
  2 shadow imps
  2 white imps
  An ufetubus (D:5)
  2 worms
  2 dart slugs
  34 orcs
  A bat skeleton (D:2)
  7 endoplasms
  2 giant cockroaches (D:2)
  16 goblins
  6 hobgoblins
  3 jackals (D:1)
  18 kobolds
  4 quokkas
  6 ball pythons
  4 bats
  3 frilled lizards
  A quokka zombie (D:2)
  3 rats
343 creatures vanquished.

Vanquished Creatures (collateral kills)
  An adder zombie (D:2)
  An endoplasm (D:2)
  A jackal skeleton (D:2)
3 creatures vanquished.

Vanquished Creatures (others)
  16 fungi
  32 plants
  A withered plant (D:2)
49 creatures vanquished.

Grand Total: 395 creatures vanquished

Notes
Turn   | Place    | Note
-------+----------+-------------------------------------------
     0 | D:1      | freelancePsychic the Tengu Earth Elementalist began the
                  | quest for the Orb.
     0 | D:1      | Reached XP level 1. HP: 10/10 MP: 4/4
    74 | D:1      | Reached skill level 1 in Conjurations
    81 | D:1      | Reached XP level 2. HP: 11/16 MP: 1/6
   487 | D:1      | Reached skill level 2 in Conjurations
   586 | D:1      | Reached skill level 1 in Fighting
   612 | D:1      | Reached XP level 3. HP: 20/20 MP: 3/7
   669 | D:1      | Found a faded altar of an unknown god.
  1060 | D:1      | Learned a level 1 spell: Summon Small Mammal
  1064 | D:1      | Learned a level 3 spell: Stone Arrow
  1793 | D:2      | Reached skill level 3 in Conjurations
  2114 | D:3      | Reached XP level 4. HP: 25/25 MP: 5/8
  2168 | D:3      | Found Hociamau's Weapon Boutique.
  2169 | D:3      | Noticed Robin
  3242 | D:3      | Killed Robin
  3243 | D:3      | Reached skill level 4 in Conjurations
  3243 | D:3      | Gained mutation: Your magical nature lets you fly swiftly
                  | and evasively. [Tengu growth]
  3243 | D:3      | Reached XP level 5. HP: 19/30 MP: 7/10
  3688 | D:4      | Found a radiant altar of Vehumet.
  3688 | D:4      | Found a shimmering blue altar of Sif Muna.
  3745 | D:4      | Became a worshipper of Vehumet
  4031 | D:4      | Found Peinkio's General Store.
  4095 | D:3      | Reached skill level 5 in Conjurations
  4661 | D:4      | Bought 19 stones for 19 gold pieces
  4781 | D:4      | Identified the amulet "Safful" {Faith rC+ Will+}
  4946 | D:4      | Reached XP level 6. HP: 31/36 MP: 1/11
  5079 | D:5      | Entered Level 5 of the Dungeon
  5151 | D:5      | Noticed a necrophage
  5158 | D:5      | Killed a necrophage
  5159 | D:5      | Reached skill level 6 in Conjurations
  5208 | D:5      | Reached XP level 7. HP: 38/40 MP: 10/13
  5489 | D:5      | Reached skill level 7 in Conjurations
  5894 | D:5      | Noticed Edmund
  6029 | D:6      | Found a staircase to the Ecumenical Temple.
  6280 | D:6      | Reached * piety under Vehumet
  6280 | D:6      | Offered knowledge of Magic Dart by Vehumet.
  6653 | D:6      | Reached skill level 8 in Conjurations
  6912 | D:6      | Reached XP level 8. HP: 39/45 MP: 2/15
  8325 | D:6      | Reached skill level 9 in Conjurations
  8458 | D:6      | Offered knowledge of Poisonous Vapours by Vehumet.
  9078 | D:7      | Reached ** piety under Vehumet
  9079 | D:7      | Reached skill level 5 in Spellcasting
  9333 | D:7      | Noticed Menkaure
  9419 | D:7      | Noticed a komodo dragon
  9435 | D:6      | Learned a level 2 spell: Poisonous Vapours
  9716 | D:7      | Reached skill level 1 in Poison Magic
  9814 | D:7      | Reached XP level 9. HP: 42/52 MP: 14/17
  9819 | D:7      | Killed Menkaure
 10167 | D:8      | Noticed a cyclops
 10310 | D:7      | Reached skill level 5 in Air Magic
 11137 | D:8      | Offered knowledge of Ignite Poison by Vehumet.
 11138 | D:8      | Reached skill level 5 in Dodging
 11154 | D:8      | Learned a level 3 spell: Ignite Poison
 11183 | D:8      | Reached skill level 5 in Fighting
 11289 | D:8      | Killed a cyclops
 11290 | D:8      | Reached XP level 10. HP: 51/59 MP: 12/18
 11483 | D:8      | Noticed a two-headed ogre
 11491 | D:8      | Killed a two-headed ogre
 11493 | D:8      | Reached *** piety under Vehumet
 12217 | D:9      | Learned a level 4 spell: Airstrike
 13298 | D:9      | Offered knowledge of Conjure Flame by Vehumet.
 13316 | D:9      | Reached XP level 11. HP: 56/67 MP: 2/20
 13390 | D:9      | Found a staircase to the Lair.
 13742 | D:10     | Entered Level 10 of the Dungeon
 14062 | D:10     | Reached **** piety under Vehumet
 14289 | D:10     | Noticed freelancePsychic's ghost (journeyman DjCj)
 14290 | D:10     | Found a transporter.
 14474 | D:10     | Noticed a two-headed ogre
 14478 | D:10     | Killed a two-headed ogre
 14548 | D:10     | Offered knowledge of Iskenderun's Mystic Blast by Vehumet.
 14689 | D:10     | Found a transporter.
 14766 | D:10     | Found a portal to a secret trove of treasure.
 15066 | Lair:1   | Entered Level 1 of the Lair of Beasts
 15421 | D:9      | Reached skill level 10 in Conjurations
 16569 | Lair:2   | Reached skill level 10 in Air Magic
 16790 | Lair:2   | Reached XP level 12. HP: 75/75 MP: 16/23
 18008 | Lair:3   | Found a hole to the Spider Nest.
 18107 | Lair:3   | Found a staircase to the Shoals.
 18917 | Lair:4   | Noticed a five-headed hydra
 18922 | Lair:4   | Killed a five-headed hydra
 19102 | Lair:4   | Reached skill level 10 in Dodging
 19365 | Lair:4   | Reached ***** piety under Vehumet
 19368 | Lair:4   | Offered knowledge of Starburst by Vehumet.
 19390 | Lair:4   | Learned a level 6 spell: Starburst
 19857 | Lair:4   | Reached skill level 11 in Conjurations
 20095 | Lair:5   | Noticed Rupert
 20095 | Lair:5   | Noticed Josephine
 20095 | Lair:5   | Noticed a catoblepas
 20307 | Lair:5   | Found a viscous altar of Jiyva.
 20307 | Lair:5   | Found a staircase to the Slime Pits.
 20441 | Lair:5   | Noticed a four-headed hydra
 20471 | Lair:5   | Noticed Nessos
 20705 | D:9      | Reached XP level 13. HP: 72/80 MP: 12/26
 20711 | D:9      | Reached skill level 5 in Fire Magic
 21673 | D:11     | Reached skill level 12 in Conjurations
 21823 | D:11     | Slain by a skeletal warrior

Illustrated notes

Levels and vault maps discovered:
D:1:      nzn_arrival_water_spiral, layout_basic, basic_ecumenical_altar,
          minmay_pentomino_z4
D:2:      layout_loops_ring, serial_undead, serial_undead_a, serial_undead_d,
          serial_undead_b, serial_undead_f
D:3:      layout_loops_ring, serial_shops, nicolae_shop_crystal, uniq_robin
D:4:      layout_loops_ring, jmf_multi_god_temple, serial_shops, shop
D:5:      layout_basic, uniq_edmund
D:6:      layout_basic, minmay_temple_entry_offerings
D:7:      layout_loops_cross, uniq_menkaure
D:8:      layout_cave_pools, nicolae_elevator_lobby_plus
D:9:      layout_basic, erik_lair_orcish_takeover, special_room
          [special_room_bee]
D:10:     layout_cave_pools, gammafunk_ghost_arena, enter_trove_6
D:11:     layout_layer_cave, david_orc_4, special_room [special_room_orc],
          minivault_16
Lair:1:   layout_gridlike, grunt_megastairs_2
Lair:2:   layout_chaotic_city
Lair:3:   layout_big_grid, minmay_shoals_entry_hut, spider_nest_entry_a,
          serial_bayou_shore_a
Lair:4:   layout_misc_corridors, grunt_megastairs_4
Lair:5:   layout_cellular_growth, dpeg_slime_entry_enclosed_altar, uniq_rupert,
          uniq_josephine, uniq_nessos

Skill      XL: |  1  2  3  4  5  6  7  8  9 10 11 12 13 |
---------------+----------------------------------------+-----
Conjurations   | 1 2 3 4 5 6 8 9 10 11 12 | 12.0
Fighting       | 1 2 3 5 7 8 9 |  9.4
Spellcasting   | 3 4 5 7 8 |  8.7
Dodging        | 3 5 7 9 10 | 10.1
Air Magic      | 2 6 8 10 11 | 11.3
Poison Magic   | 2 4 |  4.0
Stealth        | 4 |  4.1
Fire Magic     | 2 4 5 |  5.7
Summonings     | |  0.7
Transmutations | |  0.7
Earth Magic    | |  2.1

Action                   |  1- 3 |  4- 6 |  7- 9 | 10-12 | 13-15 || total
-------------------------+-------+-------+-------+-------+-------++-------
Melee: Dagger            |    30 |    46 |    72 |   117 |    23 ||   288
       Peck              |     4 |     5 |    16 |    30 |     7 ||    62
       Kick              |    12 |    13 |    20 |    52 |     3 ||   100
       Punch             |     1 |       |     1 |     2 |       ||     4
       Unarmed           |     1 |       |       |       |       ||     1
 Cast: Sandblast         |    46 |    79 |    18 |       |       ||   143
       Summon Small Mamm |    14 |     3 |     2 |       |       ||    19
       Stone Arrow       |       |       |    86 |    22 |       ||   108
       Poisonous Vapours |       |       |    41 |   140 |    10 ||   191
       Ignite Poison     |       |       |     3 |    82 |       ||    85
       Airstrike         |       |       |       |   100 |     6 ||   106
       Starburst         |       |       |       |     2 |    12 ||    14
  Use: Scroll            |       |    10 |     3 |     9 |       ||    22
       Potion            |       |     1 |     3 |       |       ||     4
 Stab: Sleeping          |       |     2 |       |       |       ||     2
Armor: Robe              |     9 |     8 |    10 |       |       ||    27
       Steam dragon scal |       |       |       |    22 |    10 ||    32
Dodge: Dodged            |    46 |    38 |    84 |   206 |    78 ||   452
